Map: Ulrena

Players

Starklok - Winner!

  • Race: Terran Terran
  • League: Platinum

Grumm

  • Race: Protoss Protoss
  • League: Gold

VOD

Have the link to the VOD?

Description

Time

  • Played on: Jan. 15, 2016, 1:24 a.m.
  • Length: 13:10
Show
View Real Time Build Order
Export as new Build Order

Starklok Terran - Winner!

Build Orders: Liberator Opening 

Get SALT Encoding   

  12  0:01  SCV  
  13  0:13  SCV  
  14  0:19  Supply Depot  
  14  0:25  SCV  
  15  0:41  Refinery  
  15  0:43  Barracks  
  15  0:45  SCV  
  16  0:57  SCV  
  17  1:09  SCV  
  18  1:22  SCV  
  19  1:30  Marine  
  19  1:31  Supply Depot  
  20  1:35  Orbital Command  
  20  1:47  Marine  
  20  1:52  Factory  
  21  2:02  SCV  
  21  2:04  Refinery  
  22  2:14  SCV  
  23  2:19  Barracks Reactor  
  23  2:26  SCV  
  24  2:41  Starport  
  24  2:43  Command Center, SCV  
  25  2:52  Bunker  
  25  2:55  Marine x2  
  25  2:58  SCV  
  28  3:00  Factory Tech Lab  
  28  3:10  SCV  
  29  3:13  Marine  
  29  3:17  Supply Depot  
  30  3:21  Liberator  
  30  3:28  Fusion Core  
  30  3:36  Marine  
  30  3:38  Marine  
  35  3:42  Factory Tech Lab  
  35  3:44  SCV  
  36  3:54  Orbital Command  
  36  3:55  Marine  
  37  3:56  Marine  
  38  4:06  SCV  
  39  4:16  Advanced Ballistics  
  39  4:19  Marine x2  
  41  4:26  Liberator  
  44  5:05  Marine x2  
  46  5:11  Barracks x2  
  46  5:14  Barracks  
  46  5:15  Engineering Bay x2  
  46  5:22  Siege Tank  
  46  5:26  Supply Depot  
  49  5:39  SCV  
  49  5:47  Terran Infantry Armor Level 1, Starport Reactor, Terran Infantry Weapons Level 1  
  49  5:57  Orbital Command, SCV  
  49  6:02  Barracks Reactor x2  
  50  6:05  Barracks Tech Lab  
  50  6:22  Supply Depot  
  50  6:23  SCV  
  50  6:25  Supply Depot  
  51  6:26  Supply Depot x2, SCV  
  51  6:27  Bunker  
  51  6:28  Supply Depot  
  51  6:29  Marine  
  53  6:41  Armory  
  53  6:49  Marine x3  
  53  6:50  Marine x4  
  53  6:53  Siege Tank  
  63  6:59  Refinery  
  60  7:02  SCV  
  60  7:06  Medivac, Refinery  
  60  7:08  Marine x3, SCV  
  67  7:21  Missile Turret  
  67  7:23  Missile Turret  
  67  7:26  Missile Turret  
  67  7:29  Marine x3  
  70  7:30  Marine x3  
  70  7:31  Missile Turret  
  70  7:34  Stimpack  
  73  7:54  SCV x2  
  75  8:01  Medivac x2  
  79  8:10  Marine x6  
  85  8:13  Terran Infantry Weapons Level 2  
  85  8:19  SCV x2  
  87  8:34  Marine, SCV x2  
  89  8:35  Marine x6  
  96  8:43  Terran Infantry Armor Level 2  
  96  8:47  Siege Tank  
  96  8:52  Marine x2  
  96  8:53  Marine x2  
  100  9:09  Marine  
  100  9:10  Command Center, Marine  
  102  9:25  Supply Depot  
  102  9:27  Supply Depot  
  102  9:35  Combat Shields  
  102  9:46  Marine x6  
  102  9:47  Marine  
  108  10:04  Marine x4  
  107  10:22  Marine x7  
  107  10:26  Orbital Command  
  112  10:30  Medivac x2  
  116  10:38  Starport  
  116  10:39  Marine  
  116  10:40  Marine x2  
  119  11:29  Marine  
  119  11:30  Marine x3  
  116  11:51  Marine  
  116  11:52  Marine x4  
  116  11:54  Viking x2  
  123  11:55  SCV x2  
  123  12:01  Orbital Command  
  122  12:05  Marine  
  122  12:08  Marauder  
  125  12:11  Concussive Shells  
  125  12:13  Siege Tank  
  128  12:27  Viking x2  
Show
View Real Time Build Order
Export as new Build Order

Grumm Protoss 

Build Orders:  

Get SALT Encoding   

  12  0:01  Probe (Chrono Boost)  
  13  0:11  Probe (Chrono Boost)  
  14  0:18  Pylon  
  14  0:22  Probe (Chrono Boost)  
  15  0:36  Probe (Chrono Boost)  
  15  0:38  Gateway  
  16  0:47  Probe (Chrono Boost)  
  17  0:55  Assimilator  
  17  0:57  Probe (Chrono Boost)  
  18  1:08  Probe (Chrono Boost)  
  20  1:18  Probe (Chrono Boost)  
  20  1:27  Cybernetics Core  
  20  1:29  Pylon  
  20  1:33  Gateway  
  20  1:35  Probe (Chrono Boost)  
  21  1:45  Probe (Chrono Boost)  
  21  2:04  Warp Gate (Chrono Boost)  
  21  2:09  Nexus  
  21  2:17  Pylon  
  21  2:21  Mothership Core  
  23  2:28  Adept  
  25  2:37  Zealot  
  27  2:43  Probe  
  28  2:44  Assimilator  
  28  2:59  Gateway  
  28  3:06  Pylon  
  28  3:07  Probe  
  29  3:20  Forge  
  29  3:26  Pylon  
  29  3:27  Probe  
  30  3:31  Probe  
  31  3:39  Probe (Chrono Boost)  
  32  3:57  Photon Cannon  
  32  4:02  Robotics Facility  
  32  4:04  Stalker  
  32  4:05  Sentry  
  36  4:17  Probe (Chrono Boost), Photon Cannon  
  36  4:19  Probe (Chrono Boost)  
  38  4:28  Probe (Chrono Boost)  
  38  4:29  Probe (Chrono Boost)  
  35  4:53  Probe x2 (Chrono Boost)  
  35  4:54  Stalker  
  39  5:03  Pylon, Probe (Chrono Boost)  
  39  5:04  Assimilator, Probe (Chrono Boost)  
  39  5:06  Assimilator  
  41  5:07  Warp Prism  
  37  5:23  Probe x2 (Chrono Boost)  
  37  5:24  Stalker  
  39  5:50  Photon Cannon  
  37  5:57  Photon Cannon  
  37  6:01  Probe x2 (Chrono Boost)  
  39  6:06  Stalker  
  41  6:11  Probe x2 (Chrono Boost)  
  43  6:22  Probe x2 (Chrono Boost)  
  46  6:32  Probe (Chrono Boost)  
  46  6:33  Stargate  
  46  6:34  Pylon  
  46  6:35  Protoss Shields Level 1  
  46  6:37  Probe (Chrono Boost)  
  47  6:43  Probe (Chrono Boost)  
  48  6:48  Nexus  
  41  7:02  Photon Cannon  
  41  7:05  Probe x2 (Chrono Boost)  
  43  7:11  Zealot  
  46  7:15  Probe (Chrono Boost)  
  46  7:17  Pylon  
  46  7:24  Probe (Chrono Boost)  
  46  7:25  Observer  
  46  7:26  Probe (Chrono Boost)  
  49  7:38  Fleet Beacon  
  49  7:40  Probe (Chrono Boost)  
  50  7:55  Photon Cannon  
  46  8:05  Probe x2 (Chrono Boost)  
  47  8:08  Protoss Air Weapons Level 1  
  47  8:09  Phoenix (Chrono Boost)  
  49  8:16  Probe (Chrono Boost)  
  50  8:32  Pylon  
  50  8:39  Probe x2  
  49  8:48  Probe  
  49  8:51  Probe  
  49  8:52  Probe  
  52  8:59  Probe  
  53  9:03  Probe  
  53  9:04  Pylon, Probe  
  53  9:06  Stargate  
  53  9:09  Probe  
  55  9:15  Probe  
  55  9:16  Tempest (Chrono Boost)  
  61  9:24  Probe  
  61  9:25  Probe  
  61  9:27  Probe  
  64  9:40  Immortal (Chrono Boost)  
  64  9:45  Stalker x2  
  66  10:02  Zealot  
  66  10:05  Photon Cannon  
  65  10:21  Zealot x2  
  59  10:24  Photon Cannon  
  59  10:27  Photon Cannon  
  54  10:29  Pylon  
  54  10:32  Probe x2, Tempest  
  52  10:42  Mothership Core  
  51  11:07  Probe x2  
  49  11:19  Probe  
  50  11:31  Probe  
  51  11:37  Probe  
  52  11:43  Probe  
  52  11:45  Stalker x3  
  59  11:49  Probe  
  58  11:55  Probe  
  58  11:57  Tempest  
  58  11:58  Warp Prism (Chrono Boost)  
  57  12:02  Probe  
  57  12:07  Probe  
  63  12:14  Probe  
  64  12:19  Probe  
  65  12:26  Probe  
  65  12:48  Probe  
  62  12:53  Probe  
  62  12:54  Stalker  
  62  12:55  Stalker x2  
Tags
 
Add a new tag
Caveats
  • Supply blocks, unpowered buildings, or Contaminate may cause inaccurate times.
  • Supply counts are checked every 10 seconds.